 Dungeon Crawl Stone Soup version 0.21-a0-154-gb5400c9 (webtiles) character file.

5378 KarmaPolice the Fighter (level 10, -13/57 HPs)
             Began as a Vine Stalker Fighter on Aug 2, 2017.
             Was an Elder of Cheibriados.
             Mangled by a death yak (21 damage)
             ... on level 9 of the Dungeon.
             The game lasted 00:34:57 (7110 turns).

KarmaPolice the Fighter (Vine Stalker Fighter)      Turns: 7110, Time: 00:34:57

Health: -13/57     AC: 11    Str: 32    XL:     10   Next: 66%
Magic:  0/16       EV:  7    Int: 18    God:    Cheibriados [****..]
Gold:   437        SH: 12    Dex: 28    Spells: 9/9 levels left

rFire    . . .     SeeInvis .   F - +3 dagger (venom)
rCold    . . .     Gourm    .   c - +0 shield
rNeg     . . .     Faith    .   b - +0 scale mail
rPois    .         Spirit   +   (no helmet)
rElec    .         Reflect  .   N - +0 cloak
rCorr    .         Harm     .   v - +0 pair of gloves
MR       +....                  e - +0 pair of boots
Stlth    +.........             (no amulet)
HPRegen  0.59/turn              (no ring)
MPRegen  0.15/turn              D - +4 ring of dexterity

@: very slow
A: fangs 3, regeneration 1, magic shield, antimagic bite, no potion heal 3, rot
immunity
a: Bend Time, Temporal Distortion, Slouch, Renounce Religion


You were on level 9 of the Dungeon.
You worshipped Cheibriados.
Cheibriados was greatly pleased with you.
You were not hungry.

You visited 2 branches of the dungeon, and saw 10 of its levels.

You collected 437 gold pieces.

Inventory:

Hand Weapons
 F - a +3 dagger of venom (weapon)
Armour
 b - a +0 scale mail (worn)
 c - a +0 shield (worn)
 e - a +0 pair of boots (worn)
 t - a +1 leather armour of cold resistance
 v - a +0 pair of gloves (worn)
 I - the +2 robe of the Echidna {rN+, unknown}
   (You found it on level 6 of the Dungeon)

   It protects you from negative energy.
 N - a +0 cloak (worn)
 R - a +0 robe of magic resistance
Jewellery
 l - an uncursed ring of teleportation
 D - a +4 ring of dexterity (right hand)
 J - an uncursed ring of protection from fire {unknown}
 S - an uncursed amulet of guardian spirit {unknown}
Wands
 a - a wand of confusion (20/48)
 q - a wand of polymorph (12/24)
 T - a wand of iceblast (5/15)
Scrolls
 j - a scroll of enchant armour
 m - a scroll of enchant weapon
 o - a scroll of amnesia
 s - 4 scrolls of blinking
 y - a scroll of remove curse
 B - 2 scrolls of fog
 C - 2 scrolls of teleportation
 E - a scroll of recharging {unknown}
 O - 2 scrolls of fear
 Q - 3 scrolls of immolation {unknown}
Potions
 d - a potion of might
 i - a potion of agility
 k - 3 potions of heal wounds
 p - 3 potions of curing
 r - a potion of degeneration {unknown}
 u - 5 potions of mutation
 w - a potion of lignification {unknown}
 x - a potion of brilliance {unknown}
 G - 3 potions of magic
 H - a potion of invisibility {unknown}
 L - a potion of resistance {unknown}
 M - a potion of flight {unknown}
 P - a potion of berserk rage {unknown}
Books
 g - a book of Misfortune

   Spells                             Type                      Level
   a - Confusing Touch                Hexes                        1
   b - Confuse                        Hexes                        3
   c - Gell's Gravitas                Translocation                3
   d - Petrify                        Transmutation/Earth          4
   e - Metabolic Englaciation         Hexes/Ice                    5
   f - Yara's Violent Unravelling     Hexes/Transmutation          5
 K - a book of Changes

   Spells                             Type                      Level
   a - Beastly Appendage              Transmutation                1
   b - Sticks to Snakes               Transmutation                2
   c - Spider Form                    Transmutation/Poison         3
   d - Ice Form                       Ice/Transmutation            4
   e - Blade Hands                    Transmutation                5
Comestibles
 f - 8 bread rations
 h - 5 royal jellies
 n - 2 meat rations
 z - 5 fruits
 A - 13 chunks of flesh


   Skills:
 + Level 8.7 Fighting
 + Level 6.0(7.0) Short Blades
   Level 5.4(6.7) Long Blades
 + Level 5.3 Armour
 - Level 2.6 Shields
 + Level 7.0 Invocations


You had 9 spell levels left.
You didn't know any spells.

Dungeon Overview and Level Annotations

Branches:
Dungeon (9/15)             Temple (1/1) D:5
   Lair: D:8-11         Orc: D:9-12

Altars:
Ashenzari
Cheibriados
Dithmenos
Elyvilon
Fedhas
Gozag
Hepliaklqana
Kikubaaqudgha
Makhleb
Nemelex Xobeh
Okawaru
Qazlal
Ru
Sif Muna
Trog
Uskayaw
Vehumet
Wu Jian
Xom
Yredelemnul
Zin
The Shining One

Shops:
D:4 !


Innate Abilities, Weirdness & Mutations

You have razor-sharp teeth.
Your natural rate of healing is unusually fast.
When hurt, damage is shared between your health and your magic reserves.
Your bite disrupts and absorbs the magic of your enemies.
Potions cannot restore your health.
You are immune to rotting.


Message History

A bullfrog comes into view.
You don't have enough magic at the moment.
The hippogriff looks more healthy.
A wight comes into view. It is wielding a flail.
You don't have enough magic at the moment.
The wight throws a stone.
You block the stone.
The death yak snorts and paws the ground.
The death yak gores you but does no damage.
The wight throws a stone.
The stone hits you but does no damage.
You see here 2 stones.
A wight comes into view. It is wielding a long sword.
The death yak is no longer moving slowly.
The death yak gores you.
* * * LOW HITPOINT WARNING * * *
A wight comes into view.
It is wielding a short sword of freezing.
A wight comes into view. It is wielding an enchanted mace.
The wight throws a stone.
The stone hits you but does no damage.
You see here a stone.
You block the wight's attack. The death yak gores you!!
You die...

##########...................
........<......:..............
............)............)....
#........[.................
#........)[...z............
#..............z...........
#####..........................
..............YF.z)z).)........
............rHYY@.....)<.......
.####################.)########
.# #..# Y# #..# ........ ....
........ ...... ........
........ .......# #####..##
........ ...#


You could see 3 death yaks, a hippogriff, a bullfrog, a porcupine and 4 wights.

Vanquished Creatures
  An ugly thing (D:7)
  2 hippogriffs
  A spriggan (D:7)
  A hungry ghost (D:7)
  An ice beast (D:5)
  3 orc warriors
  2 necrophages (D:8)
  A phantom (D:5)
  A sky beast (D:7)
  7 ogres
  2 centaurs
  A big kobold (D:8)
  5 bullfrogs
  Blork the orc (D:5)
  2 wyvern zombies
  3 scorpions
  A water moccasin skeleton (D:8)
  5 wights (D:7)
  6 howler monkeys
  8 crimson imps
  A quasit (D:7)
  A centaur skeleton (D:7)
  4 hounds
  A jelly (D:5)
  A centaur zombie (D:8)
  8 orc priests
  2 bullfrog skeletons
  Ijyb (D:5)
  3 iguanas
  12 orc wizards
  4 worker ants
  9 adders
  7 gnolls
  A worker ant zombie (D:9)
  An ooze (D:2)
  A worm zombie (D:5)
  2 adder zombies
  2 adder skeletons
  4 worms
  A dart slug (D:1)
  4 leopard geckos
  37 orcs
  3 giant cockroaches
  7 goblins
  4 hobgoblins
  6 jackals
  4 quokkas
  A ball python (D:5)
  8 bats
  5 frilled lizards
  6 kobolds
  A kobold zombie (D:5)
  6 rats
212 creatures vanquished.

Notes
Turn   | Place    | Note
-------+----------+-------------------------------------------
     0 | D:1      | KarmaPolice the Vine Stalker Fighter began the quest for the Orb.
     0 | D:1      | Reached XP level 1. HP: 11/11 MP: 2/2
   233 | D:1      | Reached skill level 3 in Fighting
   233 | D:1      | Reached XP level 2. HP: 16/16 MP: 3/3
   941 | D:2      | Reached XP level 3. HP: 19/20 MP: 4/4
  1312 | D:2      | Found a shattered altar of Ashenzari.
  1538 | D:3      | Gained mutation: Your natural rate of healing is unusually fast. [Vine Stalker growth]
  1538 | D:3      | Reached XP level 4. HP: 22/25 MP: 5/5
  2341 | D:4      | Found Suralec's Distillery.
  2409 | D:4      | Reached skill level 4 in Fighting
  2409 | D:4      | Reached XP level 5. HP: 26/29 MP: 6/6
  2869 | D:4      | Reached XP level 6. HP: 30/34 MP: 7/7
  2986 | D:5      | Entered Level 5 of the Dungeon
  2999 | D:5      | Noticed Blork the orc
  3016 | D:5      | Killed Blork the orc
  3169 | D:5      | Reached skill level 5 in Fighting
  3254 | D:5      | Found a staircase to the Ecumenical Temple.
  3264 | Temple   | Entered the Ecumenical Temple
  3397 | Temple   | Became a worshipper of Cheibriados the Contemplative
  3458 | D:5      | Reached XP level 7. HP: 39/39 MP: 8/8
  3615 | D:5      | Reached skill level 5 in Long Blades
  3785 | D:5      | Reached skill level 1 in Invocations
  3972 | D:5      | Reached skill level 6 in Fighting
  4021 | D:5      | Gained mutation: You have razor-sharp teeth. [Vine Stalker growth]
  4021 | D:5      | Reached XP level 8. HP: 37/44 MP: 8/10
  4039 | D:5      | Noticed Ijyb
  4049 | D:5      | Killed Ijyb
  4049 | D:5      | Reached skill level 1 in Short Blades
  4217 | D:5      | Reached * piety under Cheibriados
  4355 | D:6      | Got a transparent robe
  4669 | D:6      | Reached skill level 7 in Fighting
  4853 | D:7      | Reached XP level 9. HP: 50/50 MP: 13/13
  4858 | D:7      | Reached ** piety under Cheibriados
  5421 | D:7      | Reached skill level 5 in Invocations
  5947 | D:7      | Noticed a cyan ugly thing
  5970 | D:7      | Killed a cyan ugly thing
  5970 | D:7      | Reached skill level 8 in Fighting
  5970 | D:7      | Reached skill level 5 in Short Blades
  5970 | D:7      | Reached XP level 10. HP: 21/56 MP: 11/15
  6218 | D:8      | Reached *** piety under Cheibriados
  6302 | D:8      | Found a shimmering altar of Xom.
  6521 | D:8      | Reached skill level 5 in Armour
  6718 | D:7      | Reached **** piety under Cheibriados
  7089 | D:9      | Noticed a death yak
  7089 | D:9      | Noticed a death yak
  7100 | D:9      | Noticed a death yak
  7110 | D:9      | Mangled by a death yak

Vault maps used:
D:1:      saegor_arrival_simple_d
D:2:      lemuel_round_altar, first_bread
D:4:      serial_shops, shop
D:5:      minmay_temple_entry_glass, enter_ossuary_3, uniq_ijyb,
          uniq_blork_the_orc
D:7:      mumra_celtic_spiral_tile, the_bakery
D:8:      xom_teletrap_fun
D:9:      dpeg_lair_monsters
Temple:   regret_index_temple_sigil_plot

Skill      XL: |  1  2  3  4  5  6  7  8  9 10 |
---------------+-------------------------------+-----
Long Blades    | 2 3 4 5 |  5.4
Fighting       | 3 4 5 6 7 8 |  8.7
Invocations    | 2 4 6 7 |  7.0
Short Blades   | 3 5 6 |  6.0
Armour         | 4 5 |  5.3
Shields        | |  2.6

Action                   |  1- 3 |  4- 6 |  7- 9 | 10-12 || total
-------------------------+-------+-------+-------+-------++-------
Melee: Long sword        |   101 |   180 |    40 |       ||   321
       Bite              |    23 |    65 |   169 |   132 ||   389
       Dagger            |       |       |   265 |   195 ||   460
Invok: Bend Time         |       |       |     1 |     1 ||     2
  Use: Scroll            |     1 |     7 |     2 |     5 ||    15
  Eat: Chunk             |     2 |     7 |     6 |     2 ||    17
Armor: Scale mail        |    51 |    65 |    97 |    84 ||   297
Dodge: Dodged            |    37 |    50 |    62 |    50 ||   199
Block: Shield            |    47 |    97 |   120 |   103 ||   367
       Rpst.: Long sword |    11 |    19 |     4 |       ||    34
